 Dungeon Crawl Stone Soup version 0.31-a0-233-g139696dc86 (webtiles) character file.

Game seed: 3686970447584817638

1720 qw the Skirmisher (level 9, -3/55 HPs)
             Began as a Gargoyle Hexslinger on July 9, 2023.
             Was an Initiate of Okawaru.
             Slain by a gnoll
             ... wielding a +0 halberd
             ... led by a gnoll bouda
              (5 damage)
             ... while paralysed by a kobold brigand
             ... on level 6 of the Dungeon.
             The game lasted 00:02:15 (4679 turns).

qw the Skirmisher (Gargoyle Hexslinger)             Turns: 4679, Time: 00:02:16

Health: -3/55      AC: 12    Str: 13    XL:     9   Next: 4%
Magic:  10/10      EV:  2    Int: 17    God:    Okawaru [......]
Gold:   257        SH:  0    Dex: 20    Spells: 9/10 levels left

rFire   + . .        Y - +3 sling (drain)
rCold   + . .        (no shield)
rNeg    + . .        g - +1 leather armour {rF+}
rPois   inf          (no helmet)
rElec   +            (no cloak)
rCorr   +            (no gloves)
SInv    +            h - +1 pair of boots of Laac {rC+ Int+4 Dex+4}
Will    .....        (no amulet)
Stlth   +            e - ring of resist corrosion
HPRegen 0.29/turn    d - ring of see invisible
MPRegen 0.12/turn

%: no passive effects
@: paralysed
A: sickness immunity, AC +6, negative energy resistance 1, electricity
resistance, torment resistance 1, petrification resistance
a: Renounce Religion


You were on level 6 of the Dungeon.
You worshipped Okawaru.
Okawaru was noncommittal.
You visited 2 branches of the dungeon, and saw 7 of its levels.

You collected 257 gold pieces.


Innate Abilities, Weirdness & Mutations

You are immune to sickness and miasma.
Your stone body is resilient. (AC +6)
You are immune to poison.
You resist negative energy. (rN+)
You are resistant to electric shocks. (rElec)
You are resistant to unholy torment.
You are immune to petrification.


   Skills:
 - Level 6.3 Fighting
 + Level 9.5 Ranged Weapons
 - Level 1.0 Armour
 - Level 2.3 Dodging
 - Level 1.0 Spellcasting
 - Level 2.6 Hexes


You had 9 spell levels left.
You knew the following spells:

 Your Spells              Type           Power      Damage    Failure   Level
a - Slow                  Hex            36%        N/A       9%          1

Your spell library contained the following spells:

 Spells                   Type           Power      Damage    Failure   Level
 Inner Flame              Hex/Fire       5%         N/A       43%         3
 Portal Projectile        Hex/Tloc       10%        N/A       43%         3
 Cause Fear               Hex            4%         N/A       65%         4

Inventory:

Hand Weapons
 c - a +0 shortbow
 Y - a +3 sling of draining (weapon)
Armour
 g - a +1 leather armour of fire resistance (worn)
 h - the +1 pair of boots of Laac (worn) {rC+ Int+4 Dex+4}
   (You acquired it on level 4 of the Dungeon)

   Int:       It affects your intelligence (+4).
   Dex:       It affects your dexterity (+4).
   rC:        It protects you from cold.
Jewellery
 d - a ring of see invisible (right hand)
 e - a ring of resist corrosion (left hand)
Scrolls
 a - 2 scrolls of identify
 i - a scroll of amnesia {unknown}
Potions
 b - a potion of enlightenment
 f - a potion of resistance
 j - a potion of mutation {unknown}
 k - a potion of berserk rage {unknown}
 l - a potion of degeneration {unknown}
 m - 2 potions of haste
 o - a potion of curing {unknown}

Dungeon Overview and Level Annotations

Branches:
Dungeon (6/15)             Temple (1/1) D:5

Altars:
Ashenzari
Dithmenos
Elyvilon
Fedhas
Hepliaklqana
Kikubaaqudgha
Makhleb
Nemelex Xobeh
Okawaru
Qazlal
Ru
Sif Muna
Trog
Uskayaw
Vehumet
Wu Jian
Xom
Yredelemnul
Zin
The Shining One

Shops:
D:3 :

Annotations:
D:2 1 runed translucent door, Crazy Yiuf


Message History

The water moccasin is almost dead.
The water moccasin misses you. The kobold brigand closely misses you.
The gnoll hits you from afar with a +0 halberd.
The kobold misses you.
You shoot a sling bullet.
The sling bullet barely misses the water moccasin.
The sling bullet hits the kobold.
You kill the kobold!
The water moccasin closely misses you.
The gnoll hits you from afar with a +0 halberd.
The kobold brigand barely misses you. The kobold barely misses you.
The kobold closely misses you.
You shoot a sling bullet.
The sling bullet closely misses the water moccasin.
The water moccasin misses you. The water moccasin closely misses you.
The gnoll barely misses you.
The kobold brigand hits you with a +0 whip.
The kobold barely misses you. The kobold hits you but does no damage.
You shoot a sling bullet.
The sling bullet hits the water moccasin.
You kill the water moccasin!
Okawaru accepts your kill.
The kobold brigand zaps a wand.
You suddenly lose the ability to move!
The gnoll hits you from afar with a +0 halberd.
The kobold hits you but does no damage. x2
You have reached level 9!
Your experience leads to an increase in your attributes!
Your base attributes are Str 13, Int 13, Dex 14.
Increase (S)trength, (I)ntelligence, or (D)exterity?
You feel agile. x2
The kobold brigand hits you but does no damage.
The gnoll hits you from afar with a +0 halberd!
The kobold hits you but does no damage. The kobold completely misses you.
The kobold brigand zaps a wand.
You easily resist.
The gnoll hits you from afar with a +0 halberd.
The kobold hits you but does no damage.
The kobold hits you with a +0 short sword.
The kobold brigand hits you but does no damage.
The gnoll hits you from afar with a +0 halberd.
You die...

......##........
...................##...
.....%................).
.......<...[............
....................)...
............#...........
....%.......#...).......
........#.>....K)Kg.....
...............K@#
.....##..........#
......###.......##
.....###..###....# ###
......#...# #.#..## ...#
...........##.##..##...#
.....###..............#
...#..................#
..##.##.........#.....###


You could see a kobold brigand, a gnoll and 2 kobolds.

Vanquished Creatures
  Grinder (D:5)
  Eustachio (D:6)
  A water moccasin (D:6)
  A black bear (D:6)
  A centaur (D:5)
  A phantom (D:5)
  4 scorpions
  2 orc priests (D:5)
  3 jellies
  A gnoll bouda (D:6)
  A hound (D:5)
  4 iguanas
  An orc wizard (D:6)
  Terence (D:2)
  A sleepcap (D:4)
  Natasha (thrice) (D:4)
  11 gnolls
  11 adders
  2 white imps
  An ufetubus (D:4)
  3 worms
  2 dart slugs
  14 orcs
  6 bats
  10 endoplasms
  2 giant cockroaches
  10 goblins
  4 hobgoblins
  2 jackals (D:4)
  6 quokkas
  9 ball pythons
  4 frilled lizards
  13 kobolds
  4 rats
141 creatures vanquished.

Notes
Turn   | Place    | Note
-------+----------+-------------------------------------------
     0 | D:1      | qw the Gargoyle Hexslinger began the quest for the Orb.
     0 | D:1      | Reached XP level 1. HP: 12/12 MP: 2/2
     0 | D:1      | 0 ||| qw: Version: 0.3-a-51-g015441d
     0 | D:1      | 0 ||| qw: Game counter: 3834
     0 | D:1      | 0 ||| qw: Melee chars always use a shield: true
     0 | D:1      | 0 ||| qw: God list: Okawaru
     0 | D:1      | 0 ||| qw: Allow faded altars: false
     0 | D:1      | 0 ||| qw: Do Orc after clearing Dungeon:15 true
     0 | D:1      | 0 ||| qw: Do second Lair branch before Depths: true
     0 | D:1      | 0 ||| qw: Lair rune preference: random
     0 | D:1      | 0 ||| qw: Goals: Normal
     0 | D:1      | 0 ||| PLANNING D:1-11
   120 | D:1      | Reached XP level 2. HP: 16/16 MP: 3/3
   157 | D:1      | Reached skill level 3 in Ranged Weapons
   158 | D:1      | 158 ||| DROPPING ring of magical power.
   224 | D:1      | Reached XP level 3. HP: 21/21 MP: 4/4
   631 | D:1      | 631 ||| UPGRADING to +1 leather armour of fire resistance.
   641 | D:1      | 641 ||| DROPPING +0 robe.
   642 | D:1      | 642 ||| UPGRADING to ring of resist corrosion.
   643 | D:1      | 643 ||| READING scroll labelled ZEMMES XAAMIU.
   644 | D:1      | 644 ||| READING scroll labelled VALAIN QYSEWNA.
   645 | D:1      | 645 ||| DROPPING scroll of poison.
   773 | D:2      | Found a runed translucent door.
   774 | D:2      | Noticed Crazy Yiuf
   880 | D:2      | Reached XP level 4. HP: 26/26 MP: 5/5
   888 | D:2      | Found a faded altar of an unknown god.
   933 | D:2      | Noticed Terence
   944 | D:2      | Killed Terence
   945 | D:2      | Reached skill level 4 in Ranged Weapons
  1681 | D:2      | 1681 ||| UPGRADING to +0 pair of boots.
  1686 | D:2      | 1686 ||| READING 3 scrolls labelled KIMNOL WOESAUNNYTU.
  1687 | D:2      | 1687 ||| READING scroll labelled UNUGA SIT FUQ.
  1688 | D:2      | 1688 ||| READING 3 scrolls labelled UHIKHE BEHUO.
  1748 | D:2      | 1748 ||| READING 2 scrolls labelled MUERHI YGUYGH.
  1749 | D:2      | 1749 ||| READING scroll of enchant weapon.
  1749 | D:2      | 1749 ||| ENCHANTING +2 sling of flaming.
  1750 | D:2      | 1750 ||| READING 2 scrolls of identify.
  1750 | D:2      | 1750 ||| IDENTIFYING smoky inky potion
  1793 | D:3      | Reached XP level 5. HP: 30/30 MP: 6/6
  1973 | D:3      | Reached skill level 5 in Ranged Weapons
  2041 | D:3      | 2041 ||| READING scroll of brand weapon.
  2041 | D:3      | 2041 ||| BRANDING +3 sling of flaming.
  2320 | D:3      | Found Eliy's Book Shoppe.
  2399 | D:3      | 2399 ||| READING scroll labelled RUTWAU TACUETZ.
  2400 | D:3      | 2400 ||| READING scroll labelled PYAHEG MUREYNGI.
  2423 | D:3      | 2423 ||| READING scroll labelled NISECS QAUTA.
  2424 | D:3      | 2424 ||| DRINKING 3 puce potions.
  2425 | D:3      | 2425 ||| DRINKING 2 grey potions.
  2426 | D:3      | 2426 ||| READING 2 scrolls of identify.
  2426 | D:3      | 2426 ||| IDENTIFYING black potion
  2427 | D:3      | 2427 ||| DROPPING 2 potions of brilliance.
  2428 | D:3      | 2428 ||| DROPPING potion of attraction.
  2451 | D:4      | 2451 ||| STAIRDANCE
  2455 | D:3      | HP: 7/31 [gnoll/+0 whip (5)]
  2456 | D:3      | 2456 ||| READING 3 scrolls of teleportation.
  2457 | D:3      | 2457 ||| DRINKING potion of heal wounds.
  2498 | D:3      | Reached skill level 3 in Fighting
  2519 | D:4      | Found a white marble altar of Elyvilon.
  2533 | D:4      | Reached XP level 6. HP: 31/37 MP: 7/7
  2602 | D:4      | Found a stormy altar of Qazlal.
  2662 | D:4      | Reached skill level 6 in Ranged Weapons
  2784 | D:4      | Noticed Natasha
  2796 | D:4      | Killed Natasha
  2797 | D:4      | Reached skill level 1 in Armour
  2850 | D:4      | Noticed Natasha
  2863 | D:4      | Found a sparkling altar of Nemelex Xobeh.
  2885 | D:4      | Killed Natasha
  2930 | D:4      | Noticed Natasha
  2935 | D:4      | Killed Natasha
  2936 | D:4      | Reached XP level 7. HP: 43/43 MP: 8/8
  3081 | D:4      | 3081 ||| READING scroll labelled SUUDGH QOSONI.
  3081 | D:4      | Identified a scroll of acquirement
  3081 | D:4      | 3081 ||| ACQUIRING +1 pair of boots of Laac {rC+ Int+4
                  | Dex+4}
  3081 | D:4      | Acquired the +1 pair of boots of Laac {rC+ Int+4 Dex+4}
  3083 | D:4      | 3083 ||| UPGRADING to +1 pair of boots of Laac {rC+ Int+4
                  | Dex+4}.
  3093 | D:4      | 3093 ||| DROPPING +0 pair of boots.
  3094 | D:4      | 3094 ||| READING 3 scrolls of identify.
  3094 | D:4      | 3094 ||| IDENTIFYING bubbling orange potion
  3095 | D:4      | 3095 ||| READING 2 scrolls of identify.
  3095 | D:4      | 3095 ||| IDENTIFYING blue potion
  3096 | D:4      | 3096 ||| DROPPING potion of ambrosia.
  3118 | D:5      | Entered Level 5 of the Dungeon
  3129 | D:5      | Found a sacrificial altar of Ru.
  3161 | D:5      | Found a broken altar of Ashenzari.
  3162 | D:5      | Found a basalt altar of Yredelemnul.
  3221 | D:5      | Found a radiant altar of Vehumet.
  3238 | D:5      | Reached skill level 7 in Ranged Weapons
  3240 | D:5      | Noticed Grinder
  3243 | D:5      | 3243 ||| DRINKING potion of cancellation.
  3244 | D:5      | Paralysed by Grinder for 4 turns
  3248 | D:5      | 3248 ||| READING 2 scrolls of teleportation.
  3253 | D:5      | 3253 ||| READING scroll of teleportation.
  3353 | D:5      | Found a shimmering altar of Xom.
  3386 | D:5      | Reached XP level 8. HP: 45/48 MP: 9/9
  3386 | D:5      | 3386 ||| Stepping ~*~*~tactically~*~*~ (water).
  3513 | D:5      | Paralysed by Grinder for 3 turns
  3520 | D:5      | Paralysed by Grinder for 5 turns
  3530 | D:5      | Killed Grinder
  3531 | D:5      | Reached skill level 8 in Ranged Weapons
  3617 | D:5      | 3617 ||| READING 2 scrolls of identify.
  3617 | D:5      | 3617 ||| IDENTIFYING emerald potion
  3930 | D:5      | Found a staircase to the Ecumenical Temple.
  3931 | D:5      | 3931 ||| PLANNING TEMPLE
  3931 | D:5      | 3931 ||| UPGRADING to ring of see invisible.
  3960 | Temple   | Entered the Ecumenical Temple
  4042 | Temple   | 4042 ||| PLANNING OKAWARU WORSHIP
  4127 | Temple   | Became a worshipper of Warmaster Okawaru
  4128 | Temple   | 4128 ||| PLANNING D:1-11
  4403 | D:6      | Reached skill level 9 in Ranged Weapons
  4529 | D:6      | 4529 ||| FLEEEEING.
  4530 | D:6      | 4530 ||| FLEEEEING.
  4531 | D:6      | 4531 ||| FLEEEEING.
  4532 | D:6      | 4532 ||| FLEEEEING.
  4533 | D:6      | 4533 ||| FLEEEEING.
  4534 | D:6      | 4534 ||| FLEEEEING.
  4535 | D:6      | 4535 ||| FLEEEEING.
  4575 | D:6      | Noticed Eustachio
  4583 | D:6      | Killed Eustachio
  4584 | D:6      | Reached skill level 6 in Fighting
  4676 | D:6      | Paralysed by a kobold brigand for 5 turns
  4677 | D:6      | Reached XP level 9. HP: 18/55 MP: 10/10
  4677 | D:6      | HP: 7/55 [gnoll/+0 halberd[a gnoll bouda] (11)]
  4678 | D:6      | HP: 3/55 [gnoll/+0 halberd[a gnoll bouda] (5)]
  4679 | D:6      | Slain by a gnoll

Levels and vault maps discovered:
D:1:      dpeg_arrival_leaves_temple_mockup, layout_basic, serial_glass,
          glass_columns_a, glass_columns_a
D:2:      layout_loops_corners, dreamdust_ecumenical_altar_statues,
          minmay_heptomino_h4, uniq_terence, uniq_crazy_yiuf_cottage
D:3:      layout_basic, serial_shops, shop_fountains
D:4:      layout_rooms, overflow_temple_1_default, nemelex_dance_club_becter,
          mainiacjoe_overflow_six_doors_small, uniq_natasha
D:5:      layout_loops_ring, xom_teletrap_fun,
          nicolae_ru_great_annihilating_truth, grunt_temple_overflow_open,
          minmay_temple_entry_statues, serial_rivers,
          chequers_serial_rivers_micro_e, chequers_serial_rivers_room_b,
          chequers_serial_rivers_large_b, chequers_serial_rivers_micro_b,
          chequers_serial_rivers_micro_b, uniq_grinder
D:6:      layout_cave_pools, general_overflow_altar, uniq_eustachio
Temple:   hellmonk_temple_forest_ring

Skill      XL: |  1  2  3  4  5  6  7  8 |
---------------+-------------------------+-----
Ranged Weapons | 3 4 5 6 7 9 |  9.5
Fighting       | 2 3 4 6 |  6.3
Armour         | 1 |  1.0
Dodging        | 2 |  2.3
Spellcasting   | |  1.0
Hexes          | |  2.6

Action                     |  1- 3 |  4- 6 |  7- 9 || total
---------------------------+-------+-------+-------++-------
  Melee: Unarmed           |       |       |     7 ||     7
   Fire: Sling             |    81 |   193 |   203 ||   477
    Use: Scroll            |     2 |    12 |     6 ||    20
         Potion            |       |     3 |     1 ||     4
 Armour: Robe              |     8 |       |       ||     8
         Leather armour    |     6 |    43 |    80 ||   129
         Skin              |       |       |     3 ||     3
  Dodge: Dodged            |    12 |    71 |    89 ||   172

Table legend:
 A = Non-vault XP
 B = Vault XP
 C = Vault XP percentage of total XP
 D = Non-vault monster count
 E = Vault monster count
 F = Vault count percentage of total count
                 A         B        C        D         E       F
            +---------+---------+-------+---------+---------+-------
      Total |    1903 |     555 |  22.6 |     127 |      14 |   9.9
            +---------+---------+-------+---------+---------+-------
        D:1 |      52 |       0 |   0.0 |      30 |       0 |   0.0
        D:2 |      48 |      42 |  46.7 |      13 |       5 |  27.8
        D:3 |     139 |       0 |   0.0 |      21 |       0 |   0.0
        D:4 |     319 |      40 |  11.1 |      22 |       3 |  12.0
        D:5 |     717 |     288 |  28.7 |      21 |       5 |  19.2
        D:6 |     628 |     185 |  22.8 |      20 |       1 |   4.8
            +---------+---------+-------+---------+---------+-------
